 Dungeon Crawl Stone Soup version 0.26-a0-752-gcff87cac9a (webtiles) character file.

Game seed: 12500544398197967709

(classic levelgen) 59 EnegeticOcto the Magician (level 3, -2/20 HPs)
             Began as a Deep Elf Transmuter on Nov 6, 2020.
             Slain by an adder (5 damage)
             ... on level 2 of the Dungeon.
             The game lasted 00:04:48 (2144 turns).

EnegeticOcto the Magician (Deep Elf Transmuter)     Turns: 2144, Time: 00:04:48

Health: -2/20      AC:  2    Str:  7    XL:     3   Next: 78%
Magic:  9/18       EV: 13    Int: 18    God:
Gold:   36         SH:  0    Dex: 15    Spells: 4/8 levels left

rFire    . . .     SeeInvis .     - Unarmed
rCold    . . .     Faith    .   (no shield)
rNeg     . . .     Spirit   .   a - +0 robe
rPois    .         Reflect  .   (no helmet)
rElec    .         Harm     .   (no cloak)
rCorr    .         Rampage  .   (no gloves)
MR       .....                  (no boots)
Stlth    ++........             (no amulet)
HPRegen  0.06/turn              h - ring of magical power
MPRegen  0.16/turn              (no ring)

@: lethally poisoned (-2 -> -7), very slightly contaminated
A: no striking features
a: no special abilities


You were on level 2 of the Dungeon.
You visited 1 branch of the dungeon, and saw 2 of its levels.

You collected 36 gold pieces.

Inventory:

Missiles
 c - 59 stones (quivered)
Armour
 a - a +0 robe (worn)
Jewellery
 h - a ring of magical power (left hand)
Scrolls
 g - a scroll of fog {!r}
 i - 2 scrolls of teleportation {@r3 !r}


   Skills:
 + Level 0.7 Fighting
 - Level 2.4 Dodging
 - Level 3.0 Stealth
 - Level 2.4 Unarmed Combat
 - Level 3.0 Spellcasting
 - Level 3.0 Transmutations
 + Level 1.9 Poison Magic


You had 4 spell levels left.
You knew the following spells:

 Your Spells              Type           Power        Failure   Level
b - Beastly Appendage     Tmut           ##....       4%          1
c - Spider Form           Tmut/Pois      ##........   19%         3

Your spell library contained the following spells:

 Spells                   Type           Power        Failure   Level
 Wereblood                Tmut           ##......     7%          2
 Ice Form                 Ice/Tmut       #.......     65%         4
 Blade Hands              Tmut           ##........   78%         5


Dungeon Overview and Level Annotations

Branches:
Dungeon (2/15)

Altars:


Message History

Things that are here:
a +0 dagger; a +0 hunting sling; a goblin corpse Unknown command.
Your transformation has ended.
Your +0 robe unmelds from your body.
Magic restored.
c - 59 stones (gained 2)
Found a stone staircase leading down.
A frilled lizard and a bat come into view.
Casting: Spider Form (extremely dangerous; 19% risk of failure)
Confirm with . or Enter, or press ? or * to list all spells.
You grow a pair of large bovine horns.
Your feet morph into talons.
The bat barely misses you.
The frilled lizard hisses angrily.
You hit the frilled lizard.
You kill the frilled lizard!
The bat closely misses you.
You hit the bat.
You kill the bat!
No target in view!
No target in view!
No target in view!
No target in view!
No target in view!
No target in view!
No target in view!
No target in view!
No target in view!
No target in view!
No target in view!
Your transformation is almost over.
You now have 36 gold pieces (gained 12).
A hobgoblin comes into view. It is wielding a +0 club.
Your horns disappear.
Your talons disappear.
Found 18 gold pieces.
You see here 3 scrolls of teleportation {@r3 !r}.
You see here 3 scrolls of teleportation {@r3 !r}.
A hobgoblin is nearby!
A hobgoblin is nearby!
Found a stone staircase leading down.
Casting: Beastly Appendage (safe; 4% risk of failure)
Confirm with . or Enter, or press ? or * to list all spells.
The spell is extremely dangerous to cast (19% risk of failure)!
Continue anyway?
You miscast Spider Form.
You are very lightly contaminated with residual magic.
Nothing appears to happen.
Casting: Spider Form (extremely dangerous; 19% risk of failure)
Confirm with . or Enter, or press ? or * to list all spells.
The spell is extremely dangerous to cast (19% risk of failure)!
Continue anyway?
You miscast Spider Form.
Nothing appears to happen.
Unknown command.
You see here 3 scrolls of teleportation {@r3 !r}.
A hobgoblin is nearby!
You start resting.
An adder comes into view.
A hobgoblin comes into view. It is wielding a +0 club.
The hobgoblin shouts!
You hear a shout!
You see here 18 gold pieces.
Casting: Spider Form (extremely dangerous; 19% risk of failure)
Confirm with . or Enter, or press ? or * to list all spells.
The spell is extremely dangerous to cast (19% risk of failure)!
Continue anyway?
You miscast Spider Form.
Nothing appears to happen.
The adder hisses angrily.
A hobgoblin comes into view. It is wielding a +0 club.
Casting: Spider Form (extremely dangerous; 19% risk of failure)
Confirm with . or Enter, or press ? or * to list all spells.
The spell is extremely dangerous to cast (19% risk of failure)!
Continue anyway?
You miscast Spider Form.
Nothing appears to happen.
The hobgoblin hits you but does no damage.
The adder bites you.
You are poisoned.
The adder poisons you!
You aren't carrying any potions.
As you read the scroll labeled VOGOIDUXZE, it crumbles to dust.
It is a scroll of amnesia.
Really abort (and waste the scroll)?
Okay, then.
You feel sick.
The hobgoblin hits you but does no damage.
The adder bites you but does no damage.
As you read the scroll labeled MOTEID QEG PIS, it crumbles to dust.
You feel aware of your surroundings.
It was a scroll of magic mapping.
The adder misses you. The hobgoblin hits you with a +0 club.
Okay, then.
You feel sick. The adder closely misses you.
You see here 18 gold pieces.
The adder misses you. The adder bites you.
The hobgoblin shouts!
The adder bites you.
* * * LOW HITPOINT WARNING * * *
You see here 3 scrolls of teleportation {@r3 !r}.
* * * LOW HITPOINT WARNING * * *
You feel sick. The adder closely misses you. The adder bites you.
* * * LOW HITPOINT WARNING * * *
The adder bites you.
You die...

.....##########.....#* **<* *,,
............#######..# *,,* **,
....#######.....# **.####*,*****,
....# #####.####.....,,,,,,,,
....# #..........,,****** ....#
###.......#,,* #..##
##.####.##,,******
#..,***#########..# *,**,,,,,,,,
*,*,,,,....g....@## *,,,,,,,,***
*,*****###....#S## ***##.****,*
,,*****#>..####g.###.....,,,*,***
,,,,,,,..#** ##$........,,,*,,,,
,,*****#** ####......,,,***** ,,*
**.....,,,* ,,* *,....,<,* ,,*
*,,...,,<* ,,* *,,,..,,,*


You could see an adder and 2 hobgoblins.

Vanquished Creatures
  An adder (D:2)
  A worm (D:1)
  3 dart slugs
  3 leopard geckos (D:1)
  7 bats
  2 giant cockroaches (D:1)
  4 goblins
  5 hobgoblins (D:1)
  5 kobolds
  A ball python (D:1)
  2 frilled lizards
  5 rats (D:1)
39 creatures vanquished.

Notes
Turn   | Place    | Note
-------+----------+-------------------------------------------
     0 | D:1      | EnegeticOcto the Deep Elf Transmuter began the quest for
                  | the Orb.
     0 | D:1      | Reached XP level 1. HP: 11/11 MP: 6/6
   160 | D:1      | Reached skill level 1 in Stealth
   195 | D:1      | Reached skill level 2 in Stealth
   338 | D:1      | Reached XP level 2. HP: 16/16 MP: 5/8
   622 | D:1      | Reached skill level 3 in Stealth
  1227 | D:1      | Reached XP level 3. HP: 13/20 MP: 9/9
  1376 | D:1      | Learned a level 3 spell: Spider Form
  1426 | D:1      | Reached skill level 3 in Transmutations
  1672 | D:1      | Reached skill level 1 in Poison Magic
  2144 | D:2      | Slain by an adder

Illustrated notes

Levels and vault maps discovered:
D:1:      scummos_arrival_gate, layout_rooms, minmay_bisected
D:2:      layout_rooms

Skill      XL: |  1  2  3 |
---------------+----------+-----
Stealth        | 2 3 |  3.0
Transmutations | 3 |  3.0
Poison Magic   | 1 |  1.9
Fighting       | |  0.7
Dodging        | |  2.4
Unarmed Combat | |  2.4
Spellcasting   | |  3.0

Action                   || total
-------------------------++-------
Melee: Unarmed           ||   101
       Kick              ||    19
       Headbutt          ||    10
       Punch             ||     2
 Cast: Beastly Appendage ||    22
       Spider Form       ||     6
  Use: Potion            ||     1
       Scroll            ||     4
 Stab: Sleeping          ||     5
Armor: Robe              ||    13
Dodge: Dodged            ||    70

Table legend: (Time is in decaauts)
 A = Elapsed time spent in this place.
 B = Non-inter-level travel time spent in this place.
 C = Inter-level travel time spent in this place.
 D = Time resting spent in this place.
 E = Time spent auto-exploring this place.
 F = Levels seen in this place.
 G = Mean time per level.
                   A        B        C        D        E       F      G
               +--------+--------+--------+--------+--------+-----+--------+
         Total |   2121 |   2084 |     37 |    418 |   1247 |   2 | 1060.5 |
       Dungeon |   2121 |   2084 |     37 |    418 |   1247 |   2 | 1060.5 |
               +--------+--------+--------+--------+--------+-----+--------+

Top non-repeatable levels by time:
     D:1: 1896 daAuts
     D:2: 225 daAuts
